 Dungeon Crawl Stone Soup version 0.22-a0-271-gc000056 (webtiles) character file.

1066 Gorice the Magician (level 8, -4/63 HPs)
             Began as a Gnoll Wanderer on Mar 11, 2018.
             Slain by a river rat (7 damage)
             ... summoned by Eustachio
             ... on level 6 of the Dungeon.
             The game lasted 00:24:48 (4975 turns).

Gorice the Magician (Gnoll Wanderer)                Turns: 4975, Time: 00:24:48

Health: -4/63      AC: 10    Str: 15    XL:     8   Next: 28%
Magic:  13/16      EV:  7    Int: 18    God:
Gold:   424        SH:  5    Dex: 13    Spells: 16/18 levels left

rFire    . . .     SeeInvis .   a - +3 hand axe
rCold    . . .     Gourm    .   c - +0 buckler
rNeg     . . .     Faith    .   A - +1 chain mail
rPois    .         Spirit   .   (no helmet)
rElec    .         Reflect  .   (no cloak)
rCorr    .         Harm     .   (no gloves)
MR       .....                  (no boots)
Stlth    ..........             (no amulet)
HPRegen  0.20/turn              h - ring of wizardry
MPRegen  0.15/turn              m - ring of wizardry

@: flying, very slightly contaminated, invisible
A: distributed training, fangs 1, strong nose
a: no special abilities


You were on level 6 of the Dungeon.
You were not hungry.

You visited 1 branch of the dungeon, and saw 6 of its levels.
You also visited: Sewer.

You collected 424 gold pieces.

Inventory:

Hand Weapons
 a - a +3 hand axe (weapon)
 b - a +0 hunting sling
 i - a +4 spear of flaming
   (You found it on level 1 of the Dungeon)
 l - a +2 short sword of flaming
   (You took it off an orc on level 3 of the Dungeon)
 q - a +0 long sword
 r - a +0 trident
 y - a +0 halberd
Missiles
 e - 34 bolts
 p - 46 sling bullets
 v - 5 tomahawks (quivered)
 C - 2 tomahawks of returning
 E - 7 javelins
 Y - 137 stones
Armour
 c - a +0 buckler (worn)
 d - a +0 robe
 j - a +0 troll leather armour {Purgy}
 k - a +0 ring mail
 s - a +0 scale mail
 z - a +0 shield
 A - a +1 chain mail (worn)
Jewellery
 h - a ring of wizardry (left hand)
 m - a ring of wizardry (right hand)
Wands
 w - a wand of flame (18)
Scrolls
 g - a scroll of enchant armour
 x - a scroll of remove curse
 B - a scroll of enchant weapon
 F - a scroll of blinking {unknown}
 G - 2 scrolls of fear {!r}
 I - a scroll of magic mapping {!r}
Potions
 n - a potion of mutation {!q}
 u - 2 potions of lignification {!q}
 H - 3 potions of flight
 J - a potion of magic {unknown}
Comestibles
 f - 15 rations
 D - a chunk of flesh


   Skills:
 + Level 5.5 Fighting
 + Level 3.1 Short Blades
 + Level 3.1 Long Blades
 + Level 5.5 Axes
 + Level 3.1 Maces & Flails
 + Level 3.1 Polearms
 + Level 3.1 Staves
 + Level 3.1 Slings
 + Level 3.1 Bows
 + Level 3.1 Crossbows
 + Level 3.1 Throwing
 + Level 4.0 Armour
 + Level 3.1 Dodging
 + Level 3.1 Stealth
 + Level 4.0 Shields
 + Level 3.1 Unarmed Combat
 + Level 5.9 Spellcasting
 + Level 2.5 Conjurations
 + Level 3.3 Hexes
 + Level 2.5 Charms
 + Level 2.5 Summonings
 + Level 2.5 Necromancy
 + Level 2.5 Translocations
 + Level 2.5 Transmutations
 + Level 2.5 Fire Magic
 + Level 2.5 Ice Magic
 + Level 2.5 Air Magic
 + Level 2.5 Earth Magic
 + Level 2.5 Poison Magic
 + Level 3.4 Invocations
 + Level 4.0 Evocations


You had 16 spell levels left.
You knew the following spells:

 Your Spells              Type           Power        Failure   Level  Hunger
a - Sting                 Conj/Pois      ##..         21%         1    None
b - Summon Small Mammal   Summ           ##..         21%         1    None


Dungeon Overview and Level Annotations

Branches:
Dungeon (6/15)
 Temple: D:4-7

Altars:
Dithmenos
Kikubaaqudgha
Nemelex Xobeh
Sif Muna
Vehumet
Wu Jian

Annotations:
D:6 Eustachio


Innate Abilities, Weirdness & Mutations

Your experience applies equally to all skills.
You have very sharp teeth.
Your uncanny sense of smell can sniff out nearby items.


Message History

Damage: 1 (max 18) Unknown command.
You slash Eustachio!
Eustachio is severely wounded.
You catch the helpless river rat completely off-guard!
You hit the river rat but do no damage.
Eustachio zaps a wand.
You block the puff of flame.
The river rat bites you but does no damage.
You catch the helpless Eustachio completely off-guard!
You hit Eustachio. Your bite misses Eustachio.
Eustachio is almost dead.
You closely miss the river rat. Eustachio hits you with a rapier.
* * * LOW HITPOINT WARNING * * *
Damage: 6 (max 18) Unknown command.
You hit Eustachio but do no damage.
Eustachio is almost dead.
You hit the river rat. Eustachio barely misses you. The river rat bites you.
* * * LOW HITPOINT WARNING * * *
Damage: 4 (max 18)
You closely miss Eustachio. Your bite misses Eustachio.
Eustachio is almost dead.
Your chain mail prevents you from hitting the river rat.
Eustachio closely misses you. The river rat barely misses you.
Unknown command.
Unknown command.
You hit Eustachio but do no damage.
Eustachio is almost dead.
You closely miss the river rat. Eustachio hits you but does no damage.
The river rat barely misses you.
You feel better. The river rat barely misses you.
Eustachio hits you with a rapier.
* * * LOW HITPOINT WARNING * * *
You hit Eustachio.
Eustachio is almost dead.
You hit the river rat but do no damage. The river rat bites you.
* * * LOW HITPOINT WARNING * * *
Eustachio hits you with a rapier.
* * * LOW HITPOINT WARNING * * *
Damage: 9 (max 18) It was a potion of flight.
You feel very buoyant.
You fly up into the air.
The river rat barely misses you. Eustachio barely misses you.
Evoke which item? (* to show all) (? for menu, Esc to quit)
Aiming: Throw Flame
Press: ? - help, Shift-Dir - straight line, f/p - Eustachio
Aim: Eustachio, wielding a rapier, wearing a leather armour and carrying a wand of flame (22) (almost dead)
The puff of flame misses Eustachio.
The river rat bites you!
You die...

#### #.....
#...$ #....
#.... #..>#
#..r### #..@@.#
#.....## #
#......## #
#.......# #
#...##'########
#
###'#.........#
#
#...#.........#
#
#...#.........#
###
#...#.........#
#..


You could see Eustachio and a river rat.

Vanquished Creatures
  Purgy (Sewer)
  A centaur (D:5)
  2 bullfrogs
  A water moccasin zombie (D:6)
  2 scorpions
  2 howler monkeys
  A jelly (D:5)
  A centaur zombie (D:4)
  2 hounds (D:6)
  2 orc wizards (D:4)
  An iguana (D:4)
  2 worker ants
  A killer bee zombie (D:6)
  A howler monkey zombie (D:5)
  A worker ant zombie (D:6)
  3 gnolls (D:5)
  7 adders
  A river rat (D:6)
  A shadow imp (D:5)
  An ooze (D:4)
  An adder zombie (D:6)
  An adder skeleton (D:5)
  5 worms
  3 dart slugs
  3 leopard geckos
  10 orcs
  3 ball pythons
  7 giant cockroaches
  5 goblins
  2 hobgoblins
  5 kobolds
  A quokka (D:4)
  5 bats
  12 frilled lizards
  5 rats
102 creatures vanquished.

Notes
Turn   | Place    | Note
-------+----------+-------------------------------------------
     0 | D:1      | Gorice the Gnoll Wanderer began the quest for the Orb.
     0 | D:1      | Gorice set off with: a +2 hand axe, a +0 buckler, a +0 robe, a ration
     0 | D:1      | Reached XP level 1. HP: 20/20 MP: 6/6
   118 | D:1      | Learned a level 1 spell: Sting
   233 | D:1      | Reached skill level 2 in Hexes
   233 | D:1      | Reached XP level 2. HP: 18/26 MP: 4/7
   969 | D:2      | Reached XP level 3. HP: 27/31 MP: 6/9
   983 | D:2      | Reached skill level 5 in Spellcasting
  1097 | D:2      | Reached skill level 1 in Invocations
  1139 | D:2      | Reached skill level 1 in Short Blades
  1139 | D:2      | Reached skill level 1 in Long Blades
  1139 | D:2      | Reached skill level 1 in Maces & Flails
  1139 | D:2      | Reached skill level 1 in Polearms
  1139 | D:2      | Reached skill level 1 in Staves
  1139 | D:2      | Reached skill level 1 in Slings
  1139 | D:2      | Reached skill level 1 in Bows
  1139 | D:2      | Reached skill level 1 in Crossbows
  1139 | D:2      | Reached skill level 1 in Throwing
  1139 | D:2      | Reached skill level 1 in Dodging
  1139 | D:2      | Reached skill level 1 in Stealth
  1139 | D:2      | Reached skill level 1 in Unarmed Combat
  1214 | D:2      | You fall through a shaft!
  1242 | D:3      | Reached XP level 4. HP: 38/38 MP: 7/11
  1511 | D:2      | Found a shadowy altar of Dithmenos.
  1950 | D:3      | Found an ornate altar of the Wu Jian Council.
  1964 | D:3      | Reached skill level 1 in Conjurations
  1964 | D:3      | Reached skill level 1 in Charms
  1964 | D:3      | Reached skill level 1 in Summonings
  1964 | D:3      | Reached skill level 1 in Necromancy
  1964 | D:3      | Reached skill level 1 in Translocations
  1964 | D:3      | Reached skill level 1 in Transmutations
  1964 | D:3      | Reached skill level 1 in Fire Magic
  1964 | D:3      | Reached skill level 1 in Ice Magic
  1964 | D:3      | Reached skill level 1 in Air Magic
  1964 | D:3      | Reached skill level 1 in Earth Magic
  1964 | D:3      | Reached skill level 1 in Poison Magic
  2140 | D:4      | Found an ancient bone altar of Kikubaaqudgha.
  2179 | D:4      | Noticed a bullfrog
  2184 | D:4      | Killed a bullfrog
  2184 | D:4      | Reached skill level 3 in Armour
  2184 | D:4      | Reached skill level 3 in Shields
  2184 | D:4      | Reached skill level 3 in Evocations
  2184 | D:4      | Reached XP level 5. HP: 43/43 MP: 7/12
  2203 | D:4      | Identified the Tome of Poisoning and Moulding
  2269 | D:4      | Found a sparkling altar of Nemelex Xobeh.
  2558 | D:4      | Reached skill level 2 in Invocations
  2558 | D:4      | Reached XP level 6. HP: 46/50 MP: 8/13
  2742 | D:4      | Found a radiant altar of Vehumet.
  2747 | D:4      | Found a deep blue altar of Sif Muna.
  2750 | D:4      | Identified Sif Muna's Collected Works on the Escort
  2761 | D:4      | Learned a level 1 spell: Summon Small Mammal
  2920 | D:4      | Reached skill level 5 in Fighting
  2920 | D:4      | Reached skill level 5 in Axes
  2923 | D:4      | Reached skill level 2 in Short Blades
  2923 | D:4      | Reached skill level 2 in Long Blades
  2923 | D:4      | Reached skill level 2 in Maces & Flails
  2923 | D:4      | Reached skill level 2 in Polearms
  2923 | D:4      | Reached skill level 2 in Staves
  2923 | D:4      | Reached skill level 2 in Slings
  2923 | D:4      | Reached skill level 2 in Bows
  2923 | D:4      | Reached skill level 2 in Crossbows
  2923 | D:4      | Reached skill level 2 in Throwing
  2923 | D:4      | Reached skill level 2 in Dodging
  2923 | D:4      | Reached skill level 2 in Stealth
  2923 | D:4      | Reached skill level 2 in Unarmed Combat
  3237 | D:5      | Entered Level 5 of the Dungeon
  3347 | D:5      | HP: 15/51 [centaur (2)]
  3350 | D:5      | Reached XP level 7. HP: 15/56 MP: 13/15
  3352 | D:5      | HP: 15/56 [poisoned by a worker ant]
  3359 | D:5      | HP: 14/56 [poisoned by a worker ant]
  3364 | D:5      | HP: 13/56 [poisoned by a worker ant]
  3370 | D:5      | HP: 13/56 [poisoned by a worker ant]
  3376 | D:5      | HP: 13/56 [poisoned by a worker ant]
  3382 | D:5      | HP: 13/56 [poisoned by a worker ant]
  3905 | D:5      | Reached skill level 2 in Conjurations
  3905 | D:5      | Reached skill level 2 in Charms
  3905 | D:5      | Reached skill level 2 in Summonings
  3905 | D:5      | Reached skill level 2 in Necromancy
  3905 | D:5      | Reached skill level 2 in Translocations
  3905 | D:5      | Reached skill level 2 in Transmutations
  3905 | D:5      | Reached skill level 2 in Fire Magic
  3905 | D:5      | Reached skill level 2 in Ice Magic
  3905 | D:5      | Reached skill level 2 in Air Magic
  3905 | D:5      | Reached skill level 2 in Earth Magic
  3905 | D:5      | Reached skill level 2 in Poison Magic
  4020 | D:5      | Reached skill level 3 in Hexes
  4355 | D:6      | Reached skill level 3 in Invocations
  4391 | D:6      | Reached XP level 8. HP: 47/63 MP: 14/16
  4600 | D:6      | Reached skill level 4 in Armour
  4600 | D:6      | Reached skill level 4 in Shields
  4600 | D:6      | Reached skill level 4 in Evocations
  4625 | D:6      | Found a glowing drain.
  4629 | Sewer    | Entered a sewer
  4727 | Sewer    | Noticed Purgy
  4756 | Sewer    | Killed Purgy
  4756 | Sewer    | Reached skill level 3 in Short Blades
  4756 | Sewer    | Reached skill level 3 in Long Blades
  4756 | Sewer    | Reached skill level 3 in Maces & Flails
  4756 | Sewer    | Reached skill level 3 in Polearms
  4756 | Sewer    | Reached skill level 3 in Staves
  4756 | Sewer    | Reached skill level 3 in Slings
  4756 | Sewer    | Reached skill level 3 in Bows
  4756 | Sewer    | Reached skill level 3 in Crossbows
  4756 | Sewer    | Reached skill level 3 in Throwing
  4756 | Sewer    | Reached skill level 3 in Dodging
  4756 | Sewer    | Reached skill level 3 in Stealth
  4756 | Sewer    | Reached skill level 3 in Unarmed Combat
  4943 | D:6      | Noticed Eustachio
  4957 | D:6      | HP: 10/63 [Eustachio/wand of flame (27) (9)]
  4966 | D:6      | HP: 15/63 [river rat[Eustachio] (1)]
  4969 | D:6      | HP: 6/63 [river rat[Eustachio] (4)]
  4975 | D:6      | Slain by a river rat

Vault maps used:
D:1:      ncdulo_lavacross, serial_curves, eino_curves_04, eino_curves_02,
          solitary_fountain
D:2:      grunt_dithmenos_smoke
D:3:      old_standard_altar, minmay_liquid_box
D:4:      grunt_temple_overflow_magic_moments, first_ration,
          nemelex_dance_club_becter
D:5:      serial_glass, glass_columns_a, glass_columns_b,
          small_statue_intersection, minmay_hedge_maze
D:6:      lemuel_round_altar, serial_undead, serial_undead_e, serial_undead_b,
          serial_undead_f, serial_undead_b, gup_sewer_entry_spiral,
          uniq_eustachio
Sewer:    sewer_co_purgy_island

Skill      XL: |  1  2  3  4  5  6  7  8 |
---------------+-------------------------+-----
Hexes          | 2 3 |  3.3
Spellcasting   | 5 |  5.9
Invocations    | 1 2 3 |  3.4
Short Blades   | 1 2 3 |  3.1
Long Blades    | 1 2 3 |  3.1
Maces & Flails | 1 2 3 |  3.1
Polearms       | 1 2 3 |  3.1
Staves         | 1 2 3 |  3.1
Slings         | 1 2 3 |  3.1
Bows           | 1 2 3 |  3.1
Crossbows      | 1 2 3 |  3.1
Throwing       | 1 2 3 |  3.1
Dodging        | 1 2 3 |  3.1
Stealth        | 1 2 3 |  3.1
Unarmed Combat | 1 2 3 |  3.1
Conjurations   | 1 2 |  2.5
Charms         | 1 2 |  2.5
Summonings     | 1 2 |  2.5
Necromancy     | 1 2 |  2.5
Translocations | 1 2 |  2.5
Transmutations | 1 2 |  2.5
Fire Magic     | 1 2 |  2.5
Ice Magic      | 1 2 |  2.5
Air Magic      | 1 2 |  2.5
Earth Magic    | 1 2 |  2.5
Poison Magic   | 1 2 |  2.5
Armour         | 3 4 |  4.0
Shields        | 3 4 |  4.0
Evocations     | 3 4 |  4.0
Fighting       | 5 |  5.5
Axes           | 5 |  5.5

Action                   |  1- 3 |  4- 6 |  7- 9 || total
-------------------------+-------+-------+-------++-------
Melee: Hand axe          |    52 |   124 |   160 ||   336
       Bite              |     6 |    12 |    14 ||    32
Throw: Stone             |     1 |       |       ||     1
 Cast: Sting             |    47 |    42 |    49 ||   138
Evoke: Wand              |       |       |     1 ||     1
  Use: Scroll            |     2 |     6 |     5 ||    13
       Potion            |       |     1 |     5 ||     6
 Stab: Invisible         |       |       |     4 ||     4
  Eat: Chunk             |     1 |     6 |     6 ||    13
Armor: Ring mail         |    16 |     1 |       ||    17
       Scale mail        |       |    39 |    10 ||    49
       Chain mail        |       |       |    76 ||    76
Dodge: Dodged            |    20 |    48 |    68 ||   136
Block: Buckler           |    12 |    22 |    47 ||    81

Table legend:
 A = Spawn XP
 B = Non-spawn XP
 C = Spawn XP percentage of total XP
 D = Spawn monster count
 E = Non-spawn monster count
 F = Spawn count percentage of total count
 G = Total turns spent on level
                    A         B        C        D         E        F      G
               +---------+---------+-------+---------+---------+-------+---------
         Total |       0 |    1524 |   0.0 |       0 |     102 |   0.0 |  4975
               +---------+---------+-------+---------+---------+-------+---------
           D:1 |       0 |      23 |   0.0 |       0 |      10 |   0.0 |   928
           D:2 |       0 |      67 |   0.0 |       0 |      24 |   0.0 |   644
           D:3 |       0 |      43 |   0.0 |       0 |      14 |   0.0 |   467
           D:4 |       0 |     399 |   0.0 |       0 |      18 |   0.0 |  1406
           D:5 |       0 |     408 |   0.0 |       0 |      13 |   0.0 |   836
           D:6 |       0 |     436 |   0.0 |       0 |      16 |   0.0 |   455
         Sewer |       0 |     148 |   0.0 |       0 |       7 |   0.0 |   239
               +---------+---------+-------+---------+---------+-------+---------

Table legend:
 A = Turns spent in this place as a percentage of turns spent in the entire game.
 B = Non-inter-level travel turns spent in this place as a percentage of non-inter-level travel turns spent in the entire game.
 C = Inter-level travel turns spent in this place as a percentage of turns spent in this place.
 D = Turns resting spent in this place as a percentage of non-inter-level travel turns spent in this place.
 E = Turns spent auto-exploring this place as a percentage of non-inter-level travel turns spent in this place.
 F = Non-inter-level travel turns spent in this place divided by the number of levels of this place that you've seen.
                   A       B       C       D       E      F
               +-------+-------+-------+-------+-------+----------------------
         Total | 100.0 | 100.0 |   4.3 |  17.7 |  44.9 | 680.3
       Dungeon |  95.2 |  95.0 |   4.5 |  17.4 |  47.3 | 753.8
         Sewer |   4.8 |   5.0 |   0.0 |  22.2 |   0.0 | 239.0
               +-------+-------+-------+-------+-------+----------------------

Vault maps used:
D:1:      ncdulo_lavacross, serial_curves, eino_curves_04, eino_curves_02,
          solitary_fountain
D:2:      grunt_dithmenos_smoke
D:3:      old_standard_altar, minmay_liquid_box
D:4:      grunt_temple_overflow_magic_moments, first_ration,
          nemelex_dance_club_becter
D:5:      serial_glass, glass_columns_a, glass_columns_b,
          small_statue_intersection, minmay_hedge_maze
D:6:      lemuel_round_altar, serial_undead, serial_undead_e, serial_undead_b,
          serial_undead_f, serial_undead_b, gup_sewer_entry_spiral,
          uniq_eustachio
Sewer:    sewer_co_purgy_island
